 Dungeon Crawl Stone Soup version 0.21-a0-229-g3587535 (webtiles) character file.

2084 Pippin the Stinger (level 9, -1/61 HPs)
             Began as a Mummy Wanderer on Aug 31, 2017.
             Slain by a sky beast (5 damage)
             ... on level 6 of the Dungeon.
             The game lasted 00:27:30 (31335 turns).

Pippin the Stinger (Mummy Wanderer)                Turns: 31335, Time: 00:27:30

Health: -1/61      AC:  3    Str: 14    XL:     9   Next: 6%
Magic:  8/12       EV: 11    Int: 16    God:
Gold:   233        SH:  0    Dex: 11    Spells: 1/12 levels left

rFire    . . .     SeeInvis .   o - +3 flail (drain)
rCold    + . .     Gourm    .   (no shield)
rNeg     + + +     Faith    .   d - +0 robe
rPois    ∞         Spirit   .   i - +0 helmet
rElec    .         Reflect  .   (no cloak)
rCorr    .         Harm     .   (no gloves)
MR       +....                  (no boots)
Stlth    +.........             (no amulet)
HPRegen  0.20/turn              k - ring of protection from fire (curse)
MPRegen  0.13/turn              (no ring)

@: no status effects
A: no food or potions, fire vulnerability, cold resistance 1, negative energy
resistance 3, torment resistance, unbreathing
a: no special abilities


You were on level 6 of the Dungeon.
You were not hungry.

You visited 1 branch of the dungeon, and saw 6 of its levels.

You collected 233 gold pieces.

Inventory:

Hand Weapons
 g - a +1 whip of venom
 o - a +3 flail of draining (weapon)
Missiles
 c - 2 throwing nets (quivered)
Armour
 d - a +0 robe (worn)
 i - a +0 helmet (worn)
 p - a +0 shield
Jewellery
 k - a cursed ring of protection from fire (left hand)
Scrolls
 e - 4 scrolls of remove curse
 f - 4 scrolls of teleportation
 h - a scroll of identify
 j - a scroll of enchant armour
 q - a scroll of amnesia
Books
 a - a Young Poisoner's Handbook

   Spells                             Type                      Level
   a - Sting                          Conjuration/Poison           1
   b - Poisonous Vapours              Poison/Air                   2
   c - Mephitic Cloud                 Conjuration/Poison/Air       3
   d - Olgreb's Toxic Radiance        Poison                       4
   e - Venom Bolt                     Conjuration/Poison           5
 b - the Almanac of Arcane Weapons

   Spells                             Type                      Level
   a - Magic Dart                     Conjuration                  1
   b - Mephitic Cloud                 Conjuration/Poison/Air       3
 m - a book of Cantrips

   Spells                             Type                      Level
   a - Confusing Touch                Hexes                        1
   b - Animate Skeleton               Necromancy                   1
   c - Summon Small Mammal            Summoning                    1
   d - Apportation                    Translocation                1
 n - a book of Minor Magic

   Spells                             Type                      Level
   a - Magic Dart                     Conjuration                  1
   b - Blink                          Translocation                2
   c - Call Imp                       Summoning                    2
   d - Slow                           Hexes                        2
   e - Conjure Flame                  Conjuration/Fire             3
   f - Mephitic Cloud                 Conjuration/Poison/Air       3


   Skills:
 - Level 2.0 Fighting
   Level 1.0 Long Blades
 + Level 5.7 Maces & Flails
 - Level 1.0 Stealth
 - Level 1.0 Shields
 - Level 2.2 Spellcasting
 - Level 3.1 Conjurations
 - Level 2.1 Necromancy
   Level 1.0 Ice Magic
 - Level 2.0 Air Magic
 * Level 6.9 Poison Magic


You had one spell level left.
You knew the following spells:

 Your Spells              Type           Power        Failure   Level  Hunger
a - Magic Dart            Conj           ##..         5%          1    N/A
b - Mephitic Cloud        Conj/Pois/Air  ##......     12%         3    N/A
c - Animate Skeleton      Necr           N/A          9%          1    N/A
d - Blink                 Tloc           N/A          30%         2    N/A
e - Olgreb's Toxic Radia  Pois           ###.....     12%         4    N/A

Dungeon Overview and Level Annotations

Branches:
Dungeon (6/15)
 Temple: D:4-7

Altars:
Wu Jian


Innate Abilities, Weirdness & Mutations

You do not eat or drink.
Your flesh is vulnerable to fire.
You are immune to poison.
Your flesh is cold resistant. (rC+)
You are immune to negative energy. (rN+++)
You are immune to unholy pain and torment.
You can survive without breathing.


Message History

The phantom blinks!
You barely miss the leopard gecko.
The leopard gecko bites you but does no damage.
You thump the phantom!
The phantom is almost destroyed.
You hit the phantom.
You destroy the phantom!
You barely miss the sky beast.
The sky beast hits you but does no damage.
You barely miss the sky beast. The sky beast misses you.
You hit the sky beast. You drain the sky beast!
The sky beast is moderately wounded.
The sky beast hits you.
* * * LOW HITPOINT WARNING * * *
The sky beast shocks you.
* * * LOW HITPOINT WARNING * * *
The sky beast hits you.
* * * LOW HITPOINT WARNING * * *
The sky beast shocks you.
You die...

#.#.####..#.#
#............
#..........#.
#.#.#.###..$.
#.#..........
#.###†###.#.#
.######.###.# .#
...<.....##.###.#
.######.....lY@.#
............#####.
#######<##........#
#..........#######
...####.##### ...#
#####


You could see a sky beast and a leopard gecko.

Vanquished Creatures
  Edmund (D:4)
  A water moccasin (D:6)
  2 phantoms
  2 centaurs (D:5)
  3 ogres
  2 scorpions
  A howler monkey (D:6)
  2 bullfrog zombies (D:5)
  A centaur zombie (D:5)
  3 hounds
  2 orc priests
  A bullfrog skeleton (D:2)
  An iguana (D:5)
  8 orc wizards
  Natasha (thrice) (D:2)
  6 worker ants
  A hound zombie (D:5)
  18 adders
  2 shadow imps (D:5)
  2 oozes
  An adder skeleton (D:4)
  6 worms
  5 dart slugs
  5 leopard geckos
  23 orcs
  6 giant cockroaches
  10 goblins
  12 hobgoblins
  7 jackals
  8 quokkas
  2 ball pythons
  A ball python skeleton (D:5)
  11 bats
  8 frilled lizards
  22 kobolds
  A leopard gecko skeleton (D:4)
  16 rats
206 creatures vanquished.

Notes
Turn   | Place    | Note
-------+----------+-------------------------------------------
     0 | D:1      | Pippin the Mummy Wanderer began the quest for the Orb.
     0 | D:1      | Pippin set off with: a Young Poisoner's Handbook, the Almanac of Arcane Weapons, a +0 falchion, a +0 robe
     0 | D:1      | Reached XP level 1. HP: 16/16 MP: 2/2
     0 | D:1      | Identified the Almanac of Arcane Weapons
     2 | D:1      | Learned a level 1 spell: Magic Dart
   115 | D:1      | Reached skill level 1 in Conjurations
   267 | D:1      | Reached XP level 2. HP: 5/22 MP: 4/4
   714 | D:1      | Reached XP level 3. HP: 11/27 MP: 2/5
  6524 | D:1      | Reached XP level 4. HP: 33/33 MP: 6/6
  8739 | D:1      | Noticed an orc knight
  8768 | D:2      | Reached skill level 1 in Maces & Flails
  8798 | D:2      | Learned a level 3 spell: Mephitic Cloud
  9107 | D:2      | Found an ornate altar of the Wu Jian Council.
  9229 | D:2      | Noticed Natasha
  9237 | D:2      | Killed Natasha
  9363 | D:2      | Reached XP level 5. HP: 35/38 MP: 7/7
  9491 | D:2      | Found an ornate altar of the Wu Jian Council.
  9708 | D:2      | Noticed Natasha
  9721 | D:2      | Killed Natasha
  9874 | D:2      | Noticed Natasha
  9881 | D:2      | Killed Natasha
  9998 | D:2      | Found an ornate altar of the Wu Jian Council.
 10280 | D:2      | Found an ornate altar of the Wu Jian Council.
 10665 | D:2      | Found an ornate altar of the Wu Jian Council.
 15128 | D:2      | Reached skill level 3 in Poison Magic
 15128 | D:2      | Reached XP level 6. HP: 40/44 MP: 0/9
 15218 | D:2      | Noticed a manticore
 15813 | D:3      | Learned a level 1 spell: Animate Skeleton
 15816 | D:3      | Learned a level 2 spell: Blink
 24872 | D:3      | Noticed a deep troll
 24884 | D:3      | Noticed a skeletal warrior
 25123 | D:4      | Noticed Edmund
 25155 | D:4      | Killed Edmund
 25155 | D:4      | Reached skill level 4 in Poison Magic
 25155 | D:4      | Reached XP level 7. HP: 28/50 MP: 4/10
 25636 | D:4      | Reached skill level 5 in Poison Magic
 25790 | D:4      | Reached skill level 1 in Air Magic
 25891 | D:5      | Entered Level 5 of the Dungeon
 26233 | D:4      | Reached XP level 8. HP: 6/56 MP: 0/11
 26769 | D:4      | Learned a level 4 spell: Olgreb's Toxic Radiance
 26957 | D:4      | Reached skill level 1 in Necromancy
 28150 | D:5      | Reached skill level 5 in Maces & Flails
 28824 | D:5      | Reached skill level 6 in Poison Magic
 30985 | D:5      | Noticed an ettin
 31294 | D:6      | Reached XP level 9. HP: 29/61 MP: 8/12
 31335 | D:6      | Slain by a sky beast

Vault maps used:
D:1:      nzn_arrival_depleted_hourglass, minmay_cut_off
D:2:      lemuel_doored_altar, uniq_natasha
D:4:      first_bread, hex_large, st_stairs_3, uniq_edmund
D:6:      minmay_temple_entry_nine_rooms, portal_sewer_entry_f, hex_tiny

Skill      XL: |  1  2  3  4  5  6  7  8 |
---------------+-------------------------+-----
Conjurations   | 1 2 3 |  3.1
Maces & Flails | 1 2 3 4 5 |  5.7
Spellcasting   | 2 |  2.2
Poison Magic   | 3 4 5 6 |  6.9
Air Magic      | 2 |  2.0
Necromancy     | 2 |  2.1
Fighting       | |  2.0
Long Blades    | |  1.0
Stealth        | |  1.0
Shields        | |  1.0
Ice Magic      | |  1.0

Action                   |  1- 3 |  4- 6 |  7- 9 || total
-------------------------+-------+-------+-------++-------
Melee: Falchion          |   120 |       |       ||   120
       Whip              |     7 |   248 |   264 ||   519
       Flail             |       |       |    44 ||    44
 Cast: Magic Dart        |    13 |    86 |    83 ||   182
       Olgreb's Toxic Ra |       |       |    12 ||    12
  Use: Scroll            |       |       |     7 ||     7
 Stab: Distracted        |     2 |     1 |       ||     3
       Sleeping          |       |     2 |       ||     2
Armor: Robe              |    19 |    48 |    38 ||   105
Dodge: Dodged            |    99 |   139 |   131 ||   369
       Rpst.: Falchion   |    33 |       |       ||    33

Table legend:
 A = Spawn XP
 B = Non-spawn XP
 C = Spawn XP percentage of total XP
 D = Spawn monster count
 E = Non-spawn monster count
 F = Spawn count percentage of total count
 G = Total turns spent on level
                    A         B        C        D         E        F      G
               +---------+---------+-------+---------+---------+-------+---------
         Total |     920 |    2058 |  30.9 |     101 |     105 |  49.0 | 31335
               +---------+---------+-------+---------+---------+-------+---------
           D:1 |      64 |      33 |  66.0 |      29 |      21 |  58.0 |  8740
           D:2 |     119 |     168 |  41.5 |      25 |      16 |  61.0 |  6479
           D:3 |     105 |     169 |  38.3 |      18 |      22 |  45.0 |  9738
           D:4 |     228 |     674 |  25.3 |      14 |      18 |  43.8 |  2677
           D:5 |     404 |     678 |  37.3 |      15 |      24 |  38.5 |  3633
           D:6 |       0 |     336 |   0.0 |       0 |       4 |   0.0 |    68
               +---------+---------+-------+---------+---------+-------+---------
